Unix xNetHack Version 8.0.0 - last build Jan 14 2024 16:46:22 (be4d3c81716514284228e1a23197c27ddb32b841). Game began 2024-03-06 10:07:17, ended 2024-03-06 10:11:57. nmlkj, chaotic male human Wizard --- -- ---.. --.--- - -- |....--- -.....--- ---` ...| ---......--........-- ........| -...........[.................- -- -------------..........................- ---- -..........................................---- ----- ...| | | ----------. ------).........^..G.....(........................| |......................@G...G..G.....>G..........--------- -- | ---------.. -----.f.....-- .........------- | |......-- .......- ---...-- -- ......| --..| ...... ..- -- ....- ... - ... .... ..*. ..... ..... .(.... | ..- ...^.. | --.|..| ----- Nmlkj the Evoker St:8 Dx:11 Co:14 In:17 Wi:12 Ch:11 Chaotic S:505 Dlvl:4 $:189 HP:0(16) Pw:17(17) AC:9 Xp:2/34 T:651 Satiated Latest messages: The kitten bites the gnome. The kitten misses the gnome. The kitten misses the gnome. In what direction? h The spell hits the gnome lord! The kitten misses the gnome. The gnome is almost hit by a dart! The gnome picks up a dart. The kitten bites the gnome. The gnome wields 3 silver daggers! You don't have enough energy to cast that spell. The kitten bites the gnome. The gnome is killed! The gnome picks up a sling. The gnome wields a bone crossbow! You kill the gnome lord! Welcome to experience level 2. The gnome shoots 2 crossbow bolts! The 1st crossbow bolt misses you. The 2nd crossbow bolt misses you. You see here a gnome lord corpse. The gnome shoots 2 crossbow bolts! The 1st crossbow bolt hits the kitten! The 2nd crossbow bolt hits the kitten. There is a gnome lord corpse here; eat it? [ynq] (n) y This gnome lord corpse tastes gamey. The kitten picks up a crossbow bolt. The dwarf throws a dagger! You are hit by a dagger. You stop eating the gnome lord corpse. There is a partly eaten gnome lord corpse here; eat it? [ynq] (n) y You resume your meal. The dwarf drinks an orange potion! Suddenly you cannot see the dwarf. The gnome throws a dart! You are hit by a dart. You stop eating the gnome lord corpse. There is a partly eaten gnome lord corpse here; eat it? [ynq] (n) y You resume your meal. You stop eating the gnome lord corpse. There is a partly eaten gnome lord corpse here; eat it? [ynq] (n) y You resume your meal. It punches you! You stop eating the gnome lord corpse. The gnome picks up a crossbow bolt. You miss the gnome. It punches you! The gnome thrusts one of his silver daggers. The gnome stabs you! You die... Inventory: Inventory: 208/600 weight (10/52 slots) Coins $ - 189 gold pieces {2} Weapons a - a blessed +1 quarterstaff (weapon in hands) {40} Armor i - an uncursed +0 elven helm (being worn) {3} Comestibles k - 8 uncursed bananas {16} l - an uncursed food ration {20} m - an uncursed tripe ration {10} h - 2 uncursed lichen corpses {40} Scrolls o - an uncursed scroll of enchant weapon {5} Potions j - an uncursed potion of gain energy {20} Tools n - an uncursed beartrap {50} g - a magic marker (0:86) {2} Nmlkj the Wizard's attributes: Background: You were an Evoker, a level 2 male human Wizard. You were chaotic, on a mission for Anhur who was opposed by Ptah (lawful) and Thoth (neutral). You were heterosexual. You were in the Gnomish Mines, on level 4. You entered the dungeon 651 turns ago. You had 34 experience points, 6 more were needed to attain level 3. Your score was 505 before end-of-game adjustments. Basics: You had 0 out of 16 hit points. You had all 17 energy points (spell power). Your armor class was 9. Your wallet contained 189 zorkmids. Autopickup was on for '$' plus thrown. Final Characteristics: Your strength was 8 (limit:18/100). Your dexterity was 11 (peak:12, limit:18). Your constitution was 14 (limit:18). Your intelligence was 17 (limit:18). Your wisdom was 12 (limit:18). Your charisma was 11 (limit:18). Final Status: You were satiated. You were unencumbered. You were wielding a quarterstaff. You had basic skill with quarterstaff. Final Attributes: You were fervently aligned. You are dead. Miscellaneous: You disabled loading of bones levels. Total elapsed playing time was 4 minutes and 40 seconds. Major events: Turn 1: nmlkj the chaotic male human Wizard entered the dungeon 630: entered the Gnomish Mines 651: killed by a gnome Vanquished creatures: a gnome leader a gnome a gnome zombie 3 jackals 3 foxes 3 goblins 3 lichens 2 newts 17 creatures vanquished. No species were genocided or became extinct. Voluntary challenges: You read items or engraved 3 times. You never genocided any monsters. You never polymorphed an object. You never changed form. You never touched an artifact. You used no wishes. You never scared an enemy with impunity. You were celibate. You never generated conflict. Achievements: You entered a shop. You entered the Gnomish Mines. Dungeon overview: The Dungeons of Doom: levels 1 to 4 Level 1: Level 2: An armor shop, a fountain, a tree. Level 3: A general store, an altar. Stairs down to The Gnomish Mines. Level 4: The Gnomish Mines: Level 4: <- You were here. Final resting place for you, killed by a gnome. Game over: __________ / \ / REST \ / IN \ / PEACE \ / \ | nmlkj | | 189 Au | | killed by a | | gnome | | | | | | 2024 | *| * * * | * _________)/\\_//(\/(/\)/\//\/|_)_______ Goodbye nmlkj the Wizard... You died in The Gnomish Mines on dungeon level 4 with 487 points, and 189 pieces of gold, after 651 moves. You were level 2 with a maximum of 16 hit points when you died.